 Dungeon Crawl Stone Soup version 0.29-a0-371-g91724d5b39 (webtiles) character file.

Game seed: 18430759708115301957

13 sokol815 the Stinger (level 2, -2/17 HPs)
             Began as an Octopode Venom Mage on May 3, 2022.
             Slain by a quokka (3 damage)
             ... on level 1 of the Dungeon.
             The game lasted 00:00:28 (69 turns).

sokol815 the Stinger (Octopode Venom Mage)            Turns: 69, Time: 00:00:29

Health: -2/17      AC:  1    Str:  7    XL:     2   Next: 37%
Magic:  3/5        EV: 13    Int: 17    God:
Gold:   0          SH:  0    Dex: 12    Spells: 5/6 levels left

rFire   . . .      SeeInvis .   a - +0 spear
rCold   . . .      Faith    .   (no shield)
rNeg    . . .      Spirit   .   (helmet restricted)
rPois   .          Reflect  .   (no amulet)
rElec   .          Harm     .   (no ring)
rCorr   .          Rampage  .   (no ring)
Will    .....                   (no ring)
Stlth   +++.......              (no ring)
HPRegen 0.05/turn               (no ring)
MPRegen 0.09/turn               (no ring)
                                (no ring)
                                (no ring)

@: no status effects
A: almost no armour, amphibious, 8 rings, camouflage 1, gelatinous body 1,
(nimble swimmer 1), tentacles
a: no special abilities


You were on level 1 of the Dungeon.
You visited 1 branch of the dungeon, and saw 1 of its levels.

Inventory:

Hand Weapons
 a - a +0 spear (weapon)
   (You found it on level 1 of the Dungeon)
 c - a +0 hunting sling
   (You found it on level 1 of the Dungeon)
Potions
 b - a potion of lignification {unknown}
 M - a potion of magic


   Skills:
 - Level 2.0 Dodging
 - Level 2.6 Stealth
 + Level 2.8 Spellcasting
 - Level 1.0 Transmutations
 - Level 3.6 Poison Magic


You had 5 spell levels left.
You knew the following spells:

 Your Spells              Type           Power      Damage    Failure   Level
a - Sting                 Tmut/Pois      40%        1d5       7%          1

Your spell library contained the following spells:

 Spells                   Type           Power      Damage    Failure   Level
 Poisonous Vapours        Pois/Air       16%        N/A       13%         2
 Mephitic Cloud           Conj/Pois/Air  6%         N/A       32%         3
 Olgreb's Toxic Radiance  Pois           14%        N/A       36%         4


Dungeon Overview and Level Annotations

Branches:
Dungeon (1/15)

Altars:


Innate Abilities, Weirdness & Mutations

You cannot wear most types of armour.
You are amphibious.
You can wear up to eight rings at the same time.
Your skin changes colour to match your surroundings (Stealth+).
Your rubbery body absorbs attacks. (AC +1, EV +1)
((You are camouflaged when in or above water. (Stealth+)))
You have tentacles for arms and can constrict up to eight enemies at once.


Message History

Bad channel name for runrest: 'Jiyva says: Divide and consume' Welcome, sokol815 the Octopode Venom Mage.
The awesome Orb of Zot lies far below, as if waiting for you to find it.
Found a hunting sling.
Found a staircase leading out of the dungeon.
a - a +0 hunting sling
a - a +0 hunting sling (weapon)
A bat comes into view.
You shoot a sling bullet. The sling bullet hits the bat.
You kill the bat!
No target in view!
No target in view!
There is an empty arch of ancient stone here.
You see here a bat corpse.
A quokka comes into view.
Found a stone staircase leading down.
You shoot a sling bullet. The sling bullet hits the quokka.
You shoot a sling bullet. The sling bullet hits the quokka.
You kill the quokka!
No target in view!
No target in view!
No target in view!
b - a fizzy ruby potion No target in view!
You see here a +0 spear.
c - a +0 spear
c - a +0 spear (weapon)
Adjust to which letter? (? for menu, Esc to quit)
a - a +0 spear (weapon);
c - a +0 hunting sling A gnoll comes into view.
It is wielding a +0 club.
Found an escape hatch in the floor.
The gnoll shouts!
A quokka comes into view.
You hit the gnoll. Your grab misses the gnoll. You squeeze the gnoll.
The gnoll hits you with a +0 club!
Ouch! That really hurt!
You take 7 damage, and have 4/11 hp.
MASSIVE DAMAGE!!
You hit the gnoll. You grab the gnoll.
You squeeze the gnoll, but do no damage.
You constrict the gnoll. The gnoll closely misses you.
You hit the gnoll. You constrict the gnoll. The gnoll barely misses you.
You hit the gnoll but do no damage. You squeeze the gnoll.
You kill the gnoll!
You have reached level 2!
You regained 3 hp, and now have 7/17 hp.
You closely miss the quokka. You grab the quokka.
You constrict the quokka, but do no damage.
The quokka bites you.
* * * LOW HITPOINT WARNING * * *
You take 4 damage, and have 3/17 hp.
MASSIVE DAMAGE!!
You hit the quokka but do no damage.
You constrict the quokka, but do no damage.
The quokka bites you.
* * * LOW HITPOINT WARNING * * *
You take 1 damage, and have 2/17 hp.
You hit the quokka but do no damage.
You constrict the quokka, but do no damage.
The quokka bites you.
* * * LOW HITPOINT WARNING * * *
You take 1 damage, and have 1/17 hp.
You barely miss the quokka.
You squeeze the quokka, but do no damage.
You constrict the quokka. The quokka closely misses you. The quokka bites you.
You die...

#.#.# #.#.#
#.#.# #.#.#
#.#.#
##.#.#
#....######
#$.@r...>..
#.#########
#.# #.# #.#
######.#
...##.# #
#.##.# #.
#....# #.#


You could see a quokka.

Vanquished Creatures
  A gnoll (D:1)
  A bat (D:1)
  A quokka (D:1)
3 creatures vanquished.

Notes
Turn   | Place    | Note
-------+----------+-------------------------------------------
     0 | D:1      | sokol815 the Octopode Venom Mage began the quest for the
                  | Orb.
     0 | D:1      | Reached XP level 1. HP: 11/11 MP: 3/3
    66 | D:1      | Reached XP level 2. HP: 7/17 MP: 3/5
    66 | D:1      | HP: 3/17 [quokka (4)]
    68 | D:1      | HP: 1/17 [quokka (1)]
    69 | D:1      | Slain by a quokka

Illustrated notes

Levels and vault maps discovered:
D:1:      mainiacjoe_arrival_reflecting_pool, layout_loops_ring

Action                   || total
-------------------------++-------
Melee: Spear             ||     8
       Tentacles         ||     4
       Constrict         ||     2
 Fire: Hunting sling     ||     3
Dodge: Dodged            ||     3

Table legend: (Time is in decaauts)
 A = Elapsed time spent in this place.
 B = Non-inter-level travel time spent in this place.
 C = Inter-level travel time spent in this place.
 D = Time resting spent in this place.
 E = Time spent auto-exploring this place.
 F = Levels seen in this place.
 G = Mean time per level.
                   A        B        C        D        E       F      G
               +--------+--------+--------+--------+--------+-----+--------+
         Total |     70 |     70 |      0 |      0 |     44 |   1 |   70.0 |
       Dungeon |     70 |     70 |      0 |      0 |     44 |   1 |   70.0 |
               +--------+--------+--------+--------+--------+-----+--------+

Top non-repeatable levels by time:
     D:1: 70 daAuts

Table legend:
 A = Kills in this place as a percentage of kills in entire the game.
 B = Kills by you in this place as a percentage of kills by you in the entire game.
 C = Kills by friends in this place as a percentage of kills by friends in the entire game.
 D = Other kills in this place as a percentage of other kills in the entire game.
 E = Experience gained in this place as a percentage of experience gained in the entire game.
 F = Experience gained in this place divided by the number of levels of this place that you have seen.
                   A       B       C       D       E      F
               +-------+-------+-------+-------+-------+----------------------
         Total | 100.0 | 100.0 |   N/A |   N/A | 100.0 |  19.0
       Dungeon | 100.0 | 100.0 |   N/A |   N/A | 100.0 |  19.0
               +-------+-------+-------+-------+-------+----------------------
